 Dungeon Crawl Stone Soup version 0.30.1-3-gfc49f6343a (webtiles) character file.

Game seed: 6928237057344867297

10606 EWolf27 the Jinx (level 11, -7/56 HPs)
             Began as a Vampire Enchanter on July 20, 2023.
             Was a Priest of Vehumet.
             Mangled by a two-headed ogre
             ... wielding a +0 giant spiked club
              (27 damage)
             ... on level 11 of the Dungeon on July 21, 2023.
             The game lasted 01:17:01 (15294 turns).

EWolf27 the Jinx (Vampire Enchanter)               Turns: 15294, Time: 01:17:02

Health: -7/56      AC:  8    Str:  7    XL:     11   Next: 38%
Magic:  14/24      EV: 14    Int: 22    God:    Vehumet [***...]
Gold:   943        SH: 16    Dex: 15    Spells: 17/28 levels left

rFire   . . .        a - +0 dagger (drain)
rCold   + + .        e - +2 kite shield
rNeg    + + +        v - +0 troll leather armour
rPois   ∞            (no helmet)
rElec   .            l - +0 cloak
rCorr   .            q - +0 pair of gloves
SInv    +            d - +1 pair of boots
Will    +....        y - amulet of reflection
Stlth   +++++++      w - +5 ring of evasion
HPRegen 0.00/turn    (no ring)
MPRegen 0.19/turn

%: reflection
@: bloodless, inhibited regen
A: bloodless, fangs 3, see invisible, vampiric 2
a: Bat Form, Revivify, Renounce Religion


You were on level 11 of the Dungeon.
You worshipped Vehumet.
Vehumet was most pleased with you.
You visited 2 branches of the dungeon, and saw 12 of its levels.
You also visited: Sewer and Ossuary.

You collected 943 gold pieces.

Inventory:

Hand Weapons
 a - a +0 dagger of draining (weapon)
 b - a +5 short sword of electrocution
Missiles
 h - 14 boomerangs (quivered)
 D - 2 throwing nets
Armour
 d - a +1 pair of boots (worn)
 e - a +2 kite shield (worn)
 l - a +0 cloak (worn)
 q - a +0 pair of gloves (worn)
 v - a +0 troll leather armour (worn)
Magical Staves
 L - a staff of earth
Jewellery
 w - a +5 ring of evasion (left hand)
 y - an amulet of reflection (around neck)
Wands
 i - a wand of iceblast (9)
 t - a wand of paralysis (12)
 B - a wand of mindburst (8)
 H - a wand of flame (10)
Scrolls
 g - a scroll of enchant armour {unknown}
 j - a scroll of blinking {unknown}
 o - 9 scrolls of teleportation
 s - 2 scrolls of silence
 u - 2 scrolls of magic mapping
 z - 2 scrolls of fog
 E - 2 scrolls of amnesia
 J - a scroll of torment
 M - a scroll of identify
Potions
 c - 3 potions of invisibility
 f - a potion of resistance {unknown}
 k - 6 potions of brilliance
 m - 3 potions of might
 n - 2 potions of curing
 p - 3 potions of heal wounds
 r - a potion of magic {unknown}
 x - 5 potions of flight
 C - 2 potions of lignification {unknown}
 F - a potion of degeneration {unknown}
 G - a potion of haste {unknown}
 K - a potion of mutation {unknown}


   Skills:
 - Level 1.0 Fighting
 - Level 1.1 Short Blades
 - Level 0.2 Throwing
 - Level 0.1 Armour
 - Level 3.0 Dodging
 - Level 12.0 Stealth
 + Level 3.7 Shields
 + Level 9.3 Spellcasting
 - Level 3.0 Conjurations
 + Level 13.8 Hexes
 - Level 4.0 Ice Magic
 * Level 5.4 Earth Magic


You had 17 spell levels left.
You knew the following spells:

 Your Spells              Type           Power      Damage    Failure   Level
a - Ensorcelled Hibernat  Hex/Ice        98%        N/A       2%          2
b - Confusing Touch       Hex            63%        N/A       1%          3
c - Tukima's Dance        Hex            63%        N/A       1%          3
d - Stone Arrow           Conj/Erth      56%        3d10      9%          3

Your spell library contained the following spells:

 Spells                   Type           Power      Damage    Failure   Level
 Olgreb's Toxic Radiance  Pois           10%        N/A       80%         4
 Sandblast                Erth           68%        2d15      1%          1
 Dazzling Flash           Conj/Hex       94%        N/A       1%          3
 Kiss of Death            Conj/Necr      64%        2d10      10%         1
 Shock                    Conj/Air       64%        1d7       10%         1
 Portal Projectile        Hex/Tloc       80%        N/A       11%         3
 Passwall                 Tmut/Erth      18%        N/A       30%         2
 Ozocubu's Armour         Ice            27%        N/A       36%         3
 Metabolic Englaciation   Hex/Ice        24%        N/A       41%         5
 Summon Mana Viper        Hex/Summ       40%        N/A       69%         5
 Airstrike                Air            5%         2d(1-17)  80%         4
 Swiftness                Air            10%        N/A       88%         3
 Summon Ice Beast         Ice/Summ       19%        N/A       95%         4
 Dispel Undead            Necr           10%        3d9       99%         4
 Blade Hands              Tmut           5%         N/A       100%        5
 Simulacrum               Ice/Necr       9%         N/A       100%        6
 Monstrous Menagerie      Summ           5%         N/A       100%        7


Dungeon Overview and Level Annotations

Branches:
Dungeon (11/15)            Temple (1/1) D:4            Lair (0/5) D:8
  Sewer (visited)         Ossuary (visited)
    Orc: D:9-12

Altars:
Ashenzari
Cheibriados
Dithmenos
Fedhas
Gozag
Hepliaklqana
Kikubaaqudgha
Makhleb
Nemelex Xobeh
Okawaru
Qazlal
Ru
Sif Muna
Trog
Uskayaw
Vehumet
Wu Jian
Xom
Yredelemnul

Annotations:
D:10 troll armor here, Fannar
D:11 stash


Innate Abilities, Weirdness & Mutations

You do not regenerate when monsters are visible.
You are frail without blood (-20% HP).
You can heal yourself when you bite living creatures.
You are immune to poison.
You have razor-sharp teeth.
You have supernaturally acute eyesight. (SInv)
You are afflicted with vampirism and can become a bat while bloodless.


Message History

Press: ? - help, Shift-Dir - straight line, f - two-headed ogre
Aim: a two-headed ogre, wielding a +0 giant spiked club and a +0 giant club (chance to affect: 61%)
The two-headed ogre resists with significant effort.
There is an open door here.
Casting: Tukima's Dance (safe; 1% risk of failure)
Confirm with . or Enter, or press ? or * to list all spells.
Aiming: Tukima's Dance (safe; 1% risk of failure)
Press: ? - help, Shift-Dir - straight line, f/p - two-headed ogre
Aim: a two-headed ogre, wielding a +0 giant spiked club and a +0 giant club (chance to affect: 61%)
The two-headed ogre resists with significant effort.
You block the two-headed ogre's attack. x2
Casting: Tukima's Dance (safe; 1% risk of failure)
Confirm with . or Enter, or press ? or * to list all spells.
Aiming: Tukima's Dance (safe; 1% risk of failure)
Press: ? - help, Shift-Dir - straight line, f/p - two-headed ogre
Aim: a two-headed ogre, wielding a +0 giant spiked club and a +0 giant club (chance to affect: 61%)
The +0 giant club dances into the air!
You block the two-headed ogre's attack.
The two-headed ogre hits you with a +0 giant spiked club!!
Casting: Tukima's Dance (safe; 1% risk of failure)
Confirm with . or Enter, or press ? or * to list all spells.
Aiming: Ensorcelled Hibernation (safe; 2% risk of failure)
Press: ? - help, Shift-Dir - straight line, f/p - two-headed ogre
Aim: a two-headed ogre, wielding a +0 giant spiked club (ally target, chance to affect: 53%)
The two-headed ogre resists with significant effort.
Your +0 giant club closely misses the two-headed ogre.
The two-headed ogre attacks as you move away!
The two-headed ogre hits you with a +0 giant spiked club.
The two-headed ogre hits you with a +0 giant spiked club!
The two-headed ogre attacks as you move away!
You block the two-headed ogre's attack. x2
Casting: Ensorcelled Hibernation (safe; 2% risk of failure)
Confirm with . or Enter, or press ? or * to list all spells.
Aiming: Tukima's Dance (safe; 1% risk of failure)
Press: ? - help, Shift-Dir - straight line, f/p - two-headed ogre
Aim: a two-headed ogre, wielding a +0 giant spiked club (ally target, chance to affect: 61%)
The two-headed ogre resists with significant effort.
There is an open door here.
The two-headed ogre attacks as you move away!
The two-headed ogre hits you with a +0 giant spiked club!!
You die...

#......# #.......#
#......# ######'###
#......# #...# ##..####
###.# ####.###
######'### ##......#
#........# ........#
#....<...# #......#
######........#
#......###....O@.......#
#......##..####........#
#.......(.## #........#
#......#### #........#
#......# #........#
#......# #........#
####(### ##########
#...# ###.#


You could see a two-headed ogre.

Vanquished Creatures
  Erica (D:10)
  A boulder beetle (D:8)
  2 cyclopes
  Maggie (D:9)
  Psyche (D:10)
  A komodo dragon (D:8)
  2 trolls
  A hornet (D:10)
  2 shadows
  A wyvern (D:7)
  Sigmund (D:2)
  2 dancing weapons
  6 yaks
  2 chaos spawn (D:8)
  2 vampire mosquitoes (D:11)
  An acid dragon (D:9)
  2 water moccasins (D:8)
  A sky beast (D:7)
  4 black bears (D:8)
  2 ice beasts (D:6)
  An ogre (D:6)
  2 centaurs
  5 kobold brigands
  6 bullfrogs
  A scorpion (D:5)
  9 wights
  6 killer bees
  3 howler monkeys
  2 centaur zombies (Ossuary)
  A hound (D:7)
  Crazy Yiuf (D:7)
  2 jellies
  4 orc priests
  2 gnoll boudas
  A sleepcap (D:6)
  5 iguanas
  6 orc wizards
  2 mummies (Ossuary)
  21 adders
  12 gnolls
  5 river rats (Sewer)
  2 shadow imps (D:7)
  3 ufetubi
  7 worms
  A dart slug (D:1)
  19 orcs
  8 bats
  8 endoplasms
  11 giant cockroaches
  4 gnoll zombies (Ossuary)
  4 goblins
  8 hobgoblins
  4 jackals (D:5)
  4 quokkas
  3 ball pythons
  5 frilled lizards
  2 goblin zombies (Ossuary)
  3 hobgoblin zombies (Ossuary)
  13 kobolds
  3 orc zombies (Ossuary)
  11 rats
256 creatures vanquished.

Vanquished Creatures (collateral kills)
  A two-headed ogre (D:9)
  Urug (D:10)
  An orc warrior (D:9)
3 creatures vanquished.

Grand Total: 259 creatures vanquished

Notes
Turn   | Place    | Note
-------+----------+-------------------------------------------
     0 | D:1      | EWolf27 the Vampire Enchanter began the quest for the Orb.
     0 | D:1      | Reached XP level 1. HP: 13/13 MP: 3/3
   269 | D:1      | Reached skill level 5 in Stealth
   269 | D:1      | Reached XP level 2. HP: 13/19 MP: 5/5
   286 | D:1      | Learned a level 2 spell: Ensorcelled Hibernation
   630 | D:1      | Reached skill level 5 in Hexes
   865 | D:1      | Gained mutation: You are afflicted with vampirism and can
                  | become a bat while bloodless. [Vampire growth]
   865 | D:1      | Reached XP level 3. HP: 24/24 MP: 6/6
  1491 | D:2      | Learned a level 3 spell: Confusing Touch
  1552 | D:2      | Noticed Sigmund
  1554 | D:2      | Reached XP level 4. HP: 30/30 MP: 0/7
  1595 | D:2      | Killed Sigmund
  1596 | D:2      | Reached skill level 1 in Ice Magic
  1596 | D:2      | Reached XP level 5. HP: 36/36 MP: 1/8
  1788 | D:2      | Found a faded altar of an unknown god.
  2445 | D:3      | Found a shimmering blue altar of Sif Muna.
  2568 | D:3      | Found a bloodstained altar of Trog.
  2689 | D:3      | Reached XP level 6. HP: 42/42 MP: 9/9
  3530 | D:4      | Identified a scroll of acquirement
  3954 | D:4      | Found a basalt altar of Yredelemnul.
  3987 | D:4      | Found a staircase to the Ecumenical Temple.
  3997 | Temple   | Entered the Ecumenical Temple
  4010 | Temple   | Became a worshipper of Vehumet
  4238 | D:4      | Found a broken altar of Ashenzari.
  4455 | D:4      | Reached skill level 1 in Fighting
  4521 | D:5      | Entered Level 5 of the Dungeon
  4618 | D:5      | Found a shimmering altar of Xom.
  4628 | D:5      | Reached skill level 6 in Hexes
  4681 | D:5      | Found a sand-covered staircase.
  4686 | Ossuary  | Entered an ossuary
  4729 | Ossuary  | Learned a level 3 spell: Tukima's Dance
  5041 | D:5      | Reached XP level 7. HP: 48/48 MP: 8/11
  5055 | D:5      | Reached * piety under Vehumet
  5055 | D:5      | Offered knowledge of Freeze by Vehumet.
  5510 | D:5      | Reached skill level 10 in Stealth
  5576 | D:6      | Found a glowing drain.
  5619 | Sewer    | Entered a sewer
  6802 | Sewer    | Offered knowledge of Momentum Strike by Vehumet.
  6807 | Sewer    | Learned a level 3 spell: Stone Arrow
  6899 | Sewer    | Reached ** piety under Vehumet
  7113 | D:5      | Reached XP level 8. HP: 54/54 MP: 13/13
  7261 | D:6      | Reached skill level 7 in Hexes
  7821 | D:6      | Found a hide-covered altar of Uskayaw.
  8080 | D:6      | Found a stormy altar of Qazlal.
  8715 | D:7      | Found a snail-covered altar of Cheibriados.
  8866 | D:7      | Reached skill level 8 in Hexes
  8885 | D:7      | Reached skill level 5 in Spellcasting
  9193 | D:7      | Reached skill level 9 in Hexes
  9194 | D:7      | Reached XP level 9. HP: 51/59 MP: 7/17
  9296 | D:7      | Offered knowledge of Hailstorm by Vehumet.
  9303 | D:7      | Acquired a book of Winter
  9621 | D:7      | Reached skill level 1 in Conjurations
  9967 | D:7      | Found a runed translucent door.
  9968 | D:7      | Noticed Crazy Yiuf
  9975 | D:7      | Killed Crazy Yiuf
 10150 | D:7      | Reached *** piety under Vehumet
 10153 | D:7      | Reached skill level 10 in Hexes
 10349 | D:8      | Noticed a boulder beetle
 10604 | D:8      | Found a shimmering altar of Xom.
 10829 | D:9      | Reached skill level 1 in Earth Magic
 11135 | D:8      | Found the +7 mace of Variability {chaos, chaos arc}
 11167 | D:8      | Reached skill level 1 in Shields
 11535 | D:8      | Killed a boulder beetle
 11536 | D:8      | Reached skill level 11 in Hexes
 11618 | D:8      | Found a staircase to the Lair.
 11698 | D:8      | Reached XP level 10. HP: 65/65 MP: 16/20
 12119 | D:9      | Noticed a two-headed ogre
 12138 | D:9      | Killed a two-headed ogre
 12144 | D:9      | Noticed a cyclops
 12157 | D:9      | Killed a cyclops
 12157 | D:9      | Offered knowledge of Olgreb's Toxic Radiance by Vehumet.
 12158 | D:9      | Reached skill level 12 in Hexes
 12495 | D:9      | Noticed Maggie
 12510 | D:9      | Killed Maggie
 12969 | D:10     | Entered Level 10 of the Dungeon
 12969 | D:10     | Noticed Psyche
 12982 | D:10     | Killed Psyche
 12983 | D:10     | Reached skill level 13 in Hexes
 12983 | D:10     | Reached XP level 11. HP: 66/70 MP: 18/23
 13365 | D:10     | Found an ancient bone altar of Kikubaaqudgha.
 14004 | D:10     | Noticed Fannar
 14181 | D:10     | Noticed Erica
 14186 | D:10     | Killed Erica
 14289 | D:10     | Reached skill level 5 in Earth Magic
 14334 | D:10     | Noticed Urug
 14353 | D:10     | Killed Urug
 15270 | D:11     | Noticed a two-headed ogre
 15294 | D:11     | Mangled by a two-headed ogre

Illustrated notes

Levels and vault maps discovered:
D:1:      minmay_arrival_open_corners, layout_basic, serial_rivers,
          chequers_serial_rivers_large_a, chequers_serial_rivers_small_b,
          chequers_serial_rivers_micro_e, chequers_serial_rivers_micro_e,
          chequers_serial_rivers_micro_c, chequers_serial_rivers_marsh,
          minmay_hexomino_f4
D:2:      layout_loops_ring, chequers_ecumenical_altar_grove, uniq_sigmund
D:3:      layout_loops_corners, mainiacjoe_overflow_small_starburst,
          lemuel_blue_sif_altar, minmay_circle_x
D:4:      layout_rooms, mainiacjoe_overflow_alcove_2, ashenzari_altar_1,
          minmay_temple_entry_gardened_gates, serial_glass, glass_columns_b,
          glass_columns_c
D:5:      layout_rooms, xom_teletrap_fun, nicolae_ossuary_entry_plus
D:6:      layout_loops_cross, mainiacjoe_overflow_24_doors,
          amcnicky_altar_gilded, gup_sewer_entry_glass
D:7:      layout_loops_cross, slow_altar_1, uniq_crazy_yiuf_cottage
D:8:      layout_cave_pools, zin_academy, due_lair_maze_entry_diamond,
          minmay_guarded_unrand_variability
D:9:      layout_basic, uniq_maggie
D:10:     layout_irregular_city, mainiacjoe_overflow_paths, uniq_urug,
          uniq_fannar, uniq_erica, uniq_psyche
D:11:     layout_roguey, gammafunk_ghost_necromancy
Temple:   nicolae_temple_bog_church

Skill      XL: |  1  2  3  4  5  6  7  8  9 10 11 |
---------------+----------------------------------+-----
Stealth        | 5 6 7 8 9 11 12 | 12.0
Hexes          | 5 6 9 11 13 | 13.8
Ice Magic      | 1 2 4 |  4.0
Dodging        | 3 |  3.0
Fighting       | 1 |  1.0
Spellcasting   | 3 5 7 8 9 |  9.3
Conjurations   | 2 3 |  3.0
Earth Magic    | 2 4 5 |  5.4
Shields        | 1 3 |  3.7
Short Blades   | |  1.1
Throwing       | |  0.2
Armour         | |  0.1

Action                     |  1- 3 |  4- 6 |  7- 9 | 10-12 || total
---------------------------+-------+-------+-------+-------++-------
  Melee: Dagger            |    51 |       |       |   108 ||   159
         Bite              |     8 |     7 |    20 |    12 ||    47
         Short sword       |    42 |   118 |   334 |    41 ||   535
         Punch             |       |     1 |     4 |       ||     5
         Unarmed           |       |       |       |     6 ||     6
  Throw: Boomerang         |       |     1 |     5 |     9 ||    15
   Cast: Ensorcelled Hiber |    12 |    16 |    74 |    50 ||   152
         Confusing Touch   |       |     1 |    20 |    13 ||    34
         Tukima's Dance    |       |       |     1 |    14 ||    15
Ability: Exsanguinate      |       |       |     2 |     1 ||     3
    Use: Scroll            |       |     6 |    12 |     5 ||    23
         Potion            |       |       |     2 |       ||     2
   Stab: Sleeping          |    23 |    32 |    59 |    33 ||   147
         Confused          |       |     1 |    15 |     6 ||    22
 Armour: Robe              |    18 |    26 |    35 |    10 ||    89
         Troll leather arm |       |       |       |     6 ||     6
  Dodge: Dodged            |    41 |    72 |   155 |    56 ||   324
  Block: Other             |       |       |    13 |     1 ||    14
         Kite shield       |       |       |    42 |   115 ||   157
         Reflection        |       |       |     1 |     4 ||     5
